 Dungeon Crawl Stone Soup version 0.31-a0-486-g8d68a81214 (webtiles) character file.

Game seed: 16260918931616539930

124201 Ofeo the Fighter (level 16, -17/147 HPs)
             Began as a Yellow Draconian Shapeshifter on Aug 7, 2023.
             Was the Champion of Okawaru.
             Demolished by a tyrant leech (48 damage)
             ... called by a spriggan druid
             ... on level 3 of the Swamp on Aug 8, 2023.
             The game lasted 01:01:52 (36425 turns).

Ofeo the Fighter (Yellow Draconian Shapeshifter)   Turns: 36425, Time: 01:01:52

Health: -17/147    AC: 24    Str: 27    XL:     16   Next: 38%
Magic:  24/24      EV: 20    Int:  5    God:    Okawaru [******]
Gold:   2818       SH:  0    Dex: 19    Spells: 15/15 levels left

rFire   + .          .
                       - Unarmed
rCold   . . .        (no shield)
rNeg    . . .        (body armour unavailable)
rPois   .            V - +2 hat "Ifosed" {Harm Rampage rElec Int-2}
rElec   +            (no cloak)
rCorr   +            E - +2 pair of gloves {Dex+3}
SInv    .            K - +1 pair of boots "Miclupum" {rF+ Str+6 Int-2 Stlth+}
Will    +....        (no amulet)
Stlth   +++++        s - +4 ring of protection
HPRegen 0.44/turn    y - +4 ring of protection
MPRegen 0.19/turn

%: harm (+30% outgoing, +20% incoming), rampage
@: maw-form, studying 2 skills
A: devouring maw, spit acid, AC +9, unfitting armour, acidic bite, cold-blooded,
acid resistance
a: Breathe Acid, Begin Untransformation, Renounce Religion, Heroism, Finesse,
Duel


You were on level 3 of the Swamp.
You worshipped Okawaru.
Okawaru was exalted by your worship.
You were a creature with a mouth for a stomach.
You visited 5 branches of the dungeon, and saw 26 of its levels.
You also visited: Sewer.

You collected 2965 gold pieces.
You spent 147 gold pieces at shops.

Inventory:

Hand Weapons
 a - a +5 longbow of freezing
Missiles
 b - 2 javelins
 l - 3 silver javelins
 Q - 4 curare-tipped darts
 R - a datura-tipped dart
 S - a boomerang
Armour
 A - the +3 warlock's mirror {omnireflect}
   (Okawaru gifted it to you on level 5 of the Lair of Beasts)

   Omnireflect: It can block and reflect piercing ranged attacks and magical
   attacks against the wielder's willpower.
 E - a +2 pair of gloves of dexterity (worn)
 K - the +1 pair of boots "Miclupum" (worn) {rF+ Str+6 Int-2 Stlth+}
   (Okawaru gifted it to you on level 2 of the Orcish Mines)

   Str:       It affects your strength (+6).
   Int:       It affects your intelligence (-2).
   rF:        It protects you from fire.
   Stlth:     It makes you more stealthy.
 V - the +2 hat "Ifosed" (worn) {Harm Rampage rElec Int-2}
   (Okawaru gifted it to you on level 14 of the Dungeon)

   Int:       It affects your intelligence (-2).
   rElec:     It insulates you from electricity.
   Harm:      It increases damage dealt and taken.
   Rampage:   It bestows one free step when moving towards enemies.
Jewellery
 e - a ring of ice
 s - a +4 ring of protection (left hand)
 y - a +4 ring of protection (right hand)
 G - a ring of fire
 L - the ring "Enacuq" {Int+5 SInv Stlth+}
   (You found it on level 13 of the Dungeon)

   [ring of see invisible]

   Int:       It affects your intelligence (+5).
   SInv:      It lets you see invisible.
   Stlth:     It makes you more stealthy.
 N - a ring of poison resistance
Talismans
 B - a maw talisman (active)
Wands
 o - a wand of digging (12) {@v1}
 v - a wand of flame (26)
 x - a wand of quicksilver (5)
 D - a wand of mindburst (9)
 O - a wand of iceblast (9) {@v4}
Scrolls
 g - 4 scrolls of enchant armour
 i - 7 scrolls of identify {@r1}
 j - 2 scrolls of silence
 k - 10 scrolls of teleportation {@r3}
 m - 5 scrolls of immolation
 u - 2 scrolls of fog
 I - a scroll of blinking {@r4}
 P - 3 scrolls of amnesia
Potions
 c - 5 potions of attraction
 d - 2 potions of enlightenment
 f - 2 potions of might {@q4}
 h - a potion of heal wounds {@q2}
 n - 2 potions of resistance {@q6}
 p - 8 potions of mutation
 q - 9 potions of curing {@q1}
 r - a potion of haste {@q3}
 t - a potion of berserk rage
 z - 4 potions of brilliance
 C - 2 potions of ambrosia
 F - a potion of lignification
 W - a potion of magic


   Skills:
 + Level 14.6 Fighting
 + Level 4.7 Throwing
 - Level 12.2 Dodging
 - Level 9.5 Stealth
 + Level 13.7 Unarmed Combat
 - Level 11.8 Invocations
 + Level 11.6 Shapeshifting


You had 15 spell levels left.
You didn't know any spells.
Your spell library contained the following spells:

 Spells                   Type           Power      Damage    Failure   Level
 Slow                     Hex            0%         N/A       47%         1
 Confusing Touch          Hex            0%         N/A       85%         3
 Portal Projectile        Hex/Tloc       0%         N/A       85%         3
 Vampiric Draining        Necr           0%         2d6       85%         3
 Iskenderun's Mystic Bla  Conj/Tloc      0%         2d3       99%         4
 Passage of Golubria      Tloc           0%         N/A       99%         4
 Petrify                  Tmut/Erth      0%         N/A       99%         4
 Alistair's Intoxication  Tmut/Pois      0%         N/A       100%        5
 Borgnjor's Vile Clutch   Necr/Erth      0%         N/A       100%        5
 Yara's Violent Unravell  Hex/Tmut       0%         3d3       100%        5
 Eringya's Noxious Bog    Tmut/Pois      0%         4d6       100%        6
 Chain Lightning          Conj/Air       0%         N/A       100%        9
 Fire Storm               Conj/Fire      0%         5d1       100%        9
 Shatter                  Erth           0%         3d5*      100%        9
 Call Imp                 Summ           Unusable   N/A       N/A         2
 Tukima's Dance           Hex            Unusable   N/A       N/A         3
 Summon Lightning Spire   Summ/Air       Unusable   N/A       N/A         4

Dungeon Overview and Level Annotations

Branches:
Dungeon (15/15)            Temple (1/1) D:7            Lair (5/5) D:11
  Swamp (3/4) Lair:2       Spider (0/4) Lair:2        Slime (0/5) Lair:5
    Orc (2/2) D:11            Elf (0/3) Orc:2        Vaults (0/5) D:13
 Depths (0/4) D:15          Sewer (visited)

Altars:
Ashenzari
Cheibriados
Dithmenos
Elyvilon
Fedhas
Gozag
Kikubaaqudgha
Makhleb
Nemelex Xobeh
Okawaru
Qazlal
Ru
Sif Muna
Trog
Uskayaw
Vehumet
Wu Jian
Xom
Yredelemnul
Zin
The Shining One
Jiyva

Shops:
Orc:1 (   Orc:2 *=?[

Portals:
Pandemonium: Orc:2

Annotations:
D:11 1 runed translucent door
Lair:1 3 runed translucent doors, jlumianski's ghost, journeyman DjFE
Lair:5 exclusion: 2 oklob plants


Innate Abilities, Weirdness & Mutations

You are a creature with a mouth for a stomach.
Your midsection houses a second, enormous mouth.
You can spit globs of acid.
Your golden yellow scales are hard. (AC +9)
You cannot fit into any form of body armour.
You have acidic saliva.
You are cold-blooded and may be slowed by cold attacks.
You are resistant to acid. (rCorr)


Message History

* * * LOW HITPOINT WARNING * * *
You hold your ground!
Aiming: Duel (7% risk of failure)
Press: ? - help, Dir - move target, f - tyrant leech
Aim: a tyrant leech (thin mist, strong)
The tyrant leech is not worthy to be dueled!
Okay, then.
Okay, then.
The swamp dragon closely misses you. The swamp dragon completely misses you.
The swamp dragon closely misses you.
Aiming: Iceblast
Press: ? - help, Shift-Dir - straight line, f/p - tyrant leech
Aim: a tyrant leech (strong)
The mass of ice explodes!
The iceblast engulfs the tyrant leech!
The tyrant leech is moderately wounded.
The iceblast engulfs the swamp dragon!
The swamp dragon is moderately wounded.
You have got your breath back.
The swamp dragon closely misses you.
The swamp dragon claws you but does no damage.
The swamp dragon tramples you but does no damage.
You punch the tyrant leech!
Your tail-slap misses the tyrant leech.
Your bite misses the tyrant leech.
The tyrant leech is moderately wounded.
The tyrant leech bites you!!
* * * LOW HITPOINT WARNING * * *
The tyrant leech draws strength from your injuries!
You take 26 damage, and have 13/147 hp.
Okay, then.
As you read the scroll of fear, it crumbles to dust.
You assume a fearsome visage.
The swamp dragon looks frightened!
The tyrant leech resists with some effort.
The tyrant leech misses you.
You feel much better.
You regained 18 hp, and now have 31/147 hp.
You punch the tyrant leech!
You bite the tyrant leech, but do no damage.
The tyrant leech is moderately wounded.
The tyrant leech bites you!!!
You die...

♣♣~~~~~♣ ♣♣♣~~.~♣♣~♣~.
♣~.~~~~♣♣♣♣♣♣♣♣~~~~~.~...~.
~.~~~~~..~.♣♣~~~...........
♣....♣~..~....~~~.~..~~....
♣....~...♣....~~~.....~~...
.~~§.~§...~~~~..♣♣♣.~♣~....
~~~~§~~~§~~~~~.♣♣♣♣~..~~~~~
~~~~§~~~~~~~>..~>.....~~~~~
~~~~~.§~~......~Ww.§~~~~~~§
~~~~~~♣.~~♣♣..~~~).~..♣§~~.
§~~~~♣♣♣♣♣ ♣..~~~~/~.♣♣.~.♣
~~~~~.♣ ♣..~~...§~.~.♣♣♣
~~~~~... ♣~~~.....D...~♣
~~~~~§.~ ♣.~~~.~..♣♣♣~..♣
..~~..~ .....~♣♣... ♣♣~~♣
~~~. ~~~.~♣ ♣♣♣~~ .~~ ~~~♣
.~ §~


You could see a swamp dragon (strong, fleeing) and a tyrant leech (strong).

Vanquished Creatures
  The ghost of Jaliuk the Eclecticist, a journeyman DECj of Vehumet (D:14)
  6 eleionomae
  2 bunyips (Swamp:1)
  A fire dragon (D:14)
  2 ghost crabs (Swamp:2)
  10 hydras
  2 demonspawn (Orc:2)
  3 catoblepae
  3 centaur warriors (D:14)
  4 boulder beetles
  3 death yaks (Lair:5)
  2 death knights
  Erica (D:8)
  6 two-headed ogres
  5 alligators
  2 tengu warriors
  A deep troll shaman (Lair:5)
  7 orc high priests
  3 spriggans (Swamp:1)
  A skyshark (Lair:4)
  A sun demon (Orc:2)
  Lodul (D:10)
  A skeletal warrior (D:14)
  3 goliath frogs
  2 bog bodies (Swamp:1)
  3 swamp dragons
  2 spriggan druids
  A deep troll (D:15)
  A phantasmal warrior (D:15)
  A wizard (D:15)
  A glowing orange brain (shapeshifter) (D:15)
  8 orc knights
  A necromancer (D:13)
  2 lindwurms (Lair:5)
  2 wolf spiders
  3 deep elf pyromancers
  3 cyclopes
  Pikel (D:6)
  4 manticores
  7 orc sorcerers (Orc:2)
  9 ugly things
  4 will-o-the-wisps
  2 water nymphs (Swamp:1)
  A guardian serpent (shapeshifter) (D:15)
  17 elephants
  An orange demon (Orc:2)
  Joseph (D:7)
  2 black mambas (Lair:5)
  3 gargoyles
  A torpor snail (Lair:3)
  A cane toad (shapeshifter) (D:13)
  A freezing wraith (D:15)
  4 komodo dragons
  13 cane toads
  3 rime drakes
  An unseen horror (D:13)
  2 tengu conjurers
  A troll (shapeshifter) (D:14)
  6 trolls
  3 meliai (D:15)
  Prince Ribbit (D:6)
  A hornet (Swamp:1)
  A bloated husk (Swamp:1)
  4 polar bears
  9 tyrant leeches
  7 dream sheep
  21 blink frogs
  6 slime creatures
  10 wyverns
  4 shadows
  3 culicivoras (Lair:2)
  2 vampires
  A ynoxinul (Orc:2)
  59 yaks
  Grum (D:10)
  5 wraiths
  5 basilisks
  A redback (Lair:2)
  2 steam dragons (D:9)
  16 vampire mosquitoes
  14 swamp worms
  3 wargs
  2 acid dragons (D:13)
  12 water moccasins
  A swamp drake (Swamp:1)
  2 ice beasts (D:11)
  3 sky beasts
  32 orc warriors
  2 black bears
  15 ogres
  15 centaurs
  41 wolves
  A phantom (D:11)
  A lemure (D:6)
  2 scorpions
  13 bullfrogs
  7 wights (D:7)
  3 troll zombies (D:11)
  6 killer bees (D:9)
  An electric eel (D:13)
  6 howler monkeys
  6 hounds
  3 jellies
  21 orc priests
  A gnoll bouda (D:5)
  Jessica (D:2)
  Natasha (thrice) (D:2)
  6 iguanas
  22 orc wizards
  5 ogre zombies
  17 adders
  8 gnolls
  A river rat (Sewer)
  2 white imps
  5 ufetubi
  3 worms
  3 dart slugs
  78 orcs
  9 ball pythons
  13 endoplasms
  2 giant cockroaches
  8 goblins
  8 hobgoblins
  3 jackals (D:5)
  8 quokkas
  8 bats
  9 frilled lizards
  2 goblin skeletons (D:11)
  4 goblin zombies (D:11)
  A hobgoblin skeleton (D:11)
  6 kobolds
  2 orc skeletons (D:11)
  16 orc zombies (D:11)
  9 rats
823 creatures vanquished.

Vanquished Creatures (others)
  3 orcs
  18 foxfires
21 creatures vanquished.

Grand Total: 844 creatures vanquished

Notes
Turn   | Place    | Note
-------+----------+-------------------------------------------
     0 | D:1      | Ofeo the Draconian Shapeshifter began the quest for the
                  | Orb.
     0 | D:1      | Reached XP level 1. HP: 16/16 MP: 1/1
   389 | D:1      | Reached XP level 2. HP: 23/23 MP: 2/2
  1107 | D:2      | Noticed Jessica
  1135 | D:2      | Killed Jessica
  1136 | D:2      | Reached skill level 2 in Fighting
  1136 | D:2      | Reached XP level 3. HP: 18/29 MP: 3/3
  1380 | D:2      | Reached XP level 4. HP: 28/37 MP: 4/4
  1826 | D:2      | Noticed Natasha
  1831 | D:2      | Killed Natasha
  2091 | D:2      | Reached XP level 5. HP: 42/42 MP: 5/5
  2105 | D:2      | Found a faded altar of an unknown god.
  2261 | D:2      | Noticed Natasha
  2270 | D:2      | Killed Natasha
  2418 | D:2      | Reached skill level 3 in Fighting
  3524 | D:3      | Found a stormy altar of Qazlal.
  3601 | D:4      | Reached XP level 6. HP: 51/51 MP: 6/6
  4574 | D:4      | Reached skill level 4 in Fighting
  4574 | D:4      | Your scales start taking on a golden yellow colour.
  4574 | D:4      | Reached XP level 7. HP: 48/59 MP: 7/7
  4574 | D:4      | Gained mutation: You are resistant to acid. (rCorr) [Yellow
                  | Draconian growth]
  4984 | D:5      | Entered Level 5 of the Dungeon
  4992 | D:5      | Found a sparkling altar of Nemelex Xobeh.
  5191 | D:5      | Reached skill level 5 in Unarmed Combat
  5329 | D:5      | Found a glowing drain.
  5342 | Sewer    | Entered a sewer
  5713 | Sewer    | Reached skill level 5 in Fighting
  6037 | D:5      | Reached XP level 8. HP: 68/68 MP: 8/8
  6165 | D:5      | Found an opulent altar of Gozag.
  6291 | D:5      | Reached skill level 5 in Shapeshifting
  6740 | D:6      | Noticed Pikel
  6763 | D:6      | Killed Pikel
  6764 | D:6      | Reached skill level 5 in Dodging
  6846 | D:6      | Noticed Prince Ribbit
  6857 | D:6      | HP: 2/70 [Prince Ribbit (7)]
  6858 | D:6      | Killed Prince Ribbit
  6859 | D:6      | Reached skill level 6 in Fighting
  7903 | D:7      | Reached XP level 9. HP: 67/77 MP: 9/9
  8084 | D:7      | Found a snail-covered altar of Cheibriados.
  8446 | D:7      | Reached skill level 7 in Fighting
  8617 | D:7      | Noticed Joseph
  8641 | D:7      | Killed Joseph
  9095 | D:7      | Found a staircase to the Ecumenical Temple.
  9100 | Temple   | Entered the Ecumenical Temple
  9345 | D:2      | Noticed Natasha
  9346 | D:2      | Killed Natasha
  9540 | Temple   | Became a worshipper of Warmaster Okawaru
  9625 | D:8      | Noticed Erica
  9685 | D:8      | Reached skill level 1 in Invocations
  9695 | D:8      | Reached * piety under Okawaru
  9696 | D:8      | Reached XP level 10. HP: 65/88 MP: 9/11
  9844 | D:8      | Found a shadowy altar of Dithmenos.
  9844 | D:8      | Found an ancient bone altar of Kikubaaqudgha.
  9939 | D:8      | Killed Erica
  9940 | D:8      | Reached skill level 8 in Fighting
 10952 | D:9      | Reached ** piety under Okawaru
 12127 | D:9      | Reached *** piety under Okawaru
 12368 | D:10     | Entered Level 10 of the Dungeon
 12414 | D:10     | Reached skill level 9 in Fighting
 12536 | D:10     | Noticed a two-headed ogre
 12546 | D:10     | Killed a two-headed ogre
 12547 | D:10     | Reached XP level 11. HP: 84/97 MP: 14/14
 12585 | D:10     | Noticed Lodul
 12605 | D:10     | Killed Lodul
 12606 | D:10     | Reached skill level 5 in Invocations
 12606 | D:10     | Reached **** piety under Okawaru
 12889 | D:10     | Noticed Grum
 12913 | D:10     | Killed Grum
 13387 | D:10     | Found a bloodstained altar of Trog.
 13874 | D:11     | Found a staircase to the Orcish Mines.
 14264 | D:11     | Found a staircase to the Lair.
 14894 | D:11     | Noticed an orb spider
 14894 | D:11     | Noticed a yaktaur captain
 14894 | D:11     | Noticed a flayed ghost
 14894 | D:11     | Found the amulet of Vitality {RegenMP++ Regen++}
 14895 | D:11     | Noticed a stone giant
 14895 | D:11     | Found a runed translucent door.
 14897 | D:11     | Noticed a deep troll
 14897 | D:11     | Noticed a stone giant
 14897 | D:11     | Noticed a frost giant
 15294 | D:11     | Found a staircase to the Lair.
 15323 | D:11     | Reached ***** piety under Okawaru
 15324 | D:11     | Reached skill level 10 in Fighting
 15425 | D:11     | Found a staircase to the Orcish Mines.
 15906 | D:12     | Reached skill level 1 in Stealth
 16310 | D:12     | Reached XP level 12. HP: 95/107 MP: 16/16
 16867 | D:12     | Reached skill level 10 in Unarmed Combat
 16876 | D:12     | Noticed a boulder beetle
 17384 | D:11     | Killed a boulder beetle
 17384 | D:11     | Received a gift from Okawaru
 17977 | Lair:1   | Entered Level 1 of the Lair of Beasts
 18011 | Lair:1   | Found a runed translucent gate.
 19136 | Lair:1   | Found a runed translucent gate.
 19136 | Lair:1   | Found a runed translucent gate.
 19136 | Lair:1   | Noticed jlumianski's ghost (journeyman DjFE)
 19860 | Lair:2   | Noticed a six-headed hydra
 19957 | Lair:2   | Reached skill level 11 in Fighting
 19985 | Lair:2   | Killed a six-headed hydra
 20121 | Lair:2   | Found a hole to the Spider Nest.
 20147 | Lair:2   | Noticed a four-headed hydra
 20153 | Lair:2   | HP: 4/110 [four-headed hydra (13)]
 20652 | Lair:2   | Killed a four-headed hydra
 21073 | Lair:2   | Reached XP level 13. HP: 108/116 MP: 18/18
 21661 | Lair:2   | Found a staircase to the Swamp.
 21720 | Lair:2   | Identified the +0 pair of gloves of Tuliow {rN+ Str+2
                  | Int+3} (Okawaru gifted it to you on level 2 of the Lair of
                  | Beasts)
 21720 | Lair:2   | Received a gift from Okawaru
 21741 | Lair:2   | Reached skill level 5 in Stealth
 22360 | Lair:3   | Reached skill level 10 in Dodging
 23193 | Lair:4   | Found a frozen archway.
 23259 | Lair:4   | Reached skill level 12 in Fighting
 23362 | Lair:4   | Identified a scroll of acquirement
 23365 | Lair:4   | Acquired 365 gold pieces
 24018 | Lair:5   | Entered Level 5 of the Lair of Beasts
 24025 | Lair:5   | Reached ****** piety under Okawaru
 24031 | Lair:5   | Identified the +6 quarterstaff "Rybaoggekk" {vamp, rC+
                  | Stlth+} (Okawaru gifted it to you on level 5 of the Lair of
                  | Beasts)
 24031 | Lair:5   | Received a gift from Okawaru
 24536 | Lair:5   | Acquired a manual of Spellcasting
 24682 | Lair:5   | Gained mutation: You have acidic saliva. [Yellow Draconian
                  | growth]
 24682 | Lair:5   | Reached XP level 14. HP: 110/127 MP: 19/21
 24752 | Lair:5   | Reached skill level 10 in Shapeshifting
 24755 | Lair:5   | Found a staircase to the Slime Pits.
 24756 | Lair:5   | Found a viscous altar of Jiyva.
 24888 | Lair:5   | Received a gift from Okawaru
 24888 | Lair:5   | Found the +3 warlock's mirror {omnireflect}
 25744 | Lair:5   | Found the +5 scythe "Finisher" {speed, execute}
 25781 | Lair:5   | Got the Compendium of the Assistive Xenotype
 25918 | Orc:1    | Entered Level 1 of the Orcish Mines
 26251 | Orc:1    | Found Tioriun's Weapon Boutique.
 26380 | Orc:2    | Entered Level 2 of the Orcish Mines
 27383 | Orc:2    | Reached skill level 10 in Invocations
 27404 | Orc:2    | Found a staircase to the Elven Halls.
 27544 | Orc:2    | Found Filos's General Store.
 27546 | Orc:2    | Found Qikh's Magic Scroll Shoppe.
 27636 | Orc:2    | Identified the +1 pair of boots "Miclupum" {rF+ Str+6 Int-2
                  | Stlth+} (Okawaru gifted it to you on level 2 of the Orcish
                  | Mines)
 27636 | Orc:2    | Received a gift from Okawaru
 27673 | Orc:2    | Reached skill level 13 in Fighting
 27925 | Orc:2    | Bought a scroll of blinking for 105 gold pieces
 27925 | Orc:2    | Bought a scroll of teleportation for 42 gold pieces
 27940 | Orc:2    | Paralysed by an orc sorcerer for 5 turns
 28346 | Orc:2    | Found Tegrukle's Antique Armour Boutique.
 28346 | Orc:2    | Found Dyoxuirgh's Jewellery Shop.
 28346 | Orc:2    | Found a one-way gate leading to the halls of Pandemonium.
 28988 | D:13     | Found a gate to the Vaults.
 29276 | D:13     | Identified the ring "Enacuq" {Int+5 SInv Stlth+}
 29301 | D:13     | Reached XP level 15. HP: 127/128 MP: 22/22
 29313 | D:13     | You fall into a shaft and drop 1 floor!
 29382 | D:14     | Noticed an iron dragon
 30124 | D:13     | Received a gift from Okawaru
 30801 | D:12     | Acquired a manual of Transmutations
 30871 | D:13     | Reached skill level 1 in Throwing
 31508 | D:14     | Received a gift from Okawaru
 32414 | D:14     | Found a runed translucent gate.
 32414 | D:14     | Identified the +2 plate armour of Resyopre {Str+4 Int+3
                  | Slay+3}
 32415 | D:14     | Found a runed translucent gate.
 32416 | D:14     | Found a runed translucent gate.
 32418 | D:14     | Noticed Jaliuk's ghost (journeyman DECj)
 32461 | D:14     | Identified the +2 hat "Ifosed" {Harm Rampage rElec Int-2}
                  | (Okawaru gifted it to you on level 14 of the Dungeon)
 32461 | D:14     | Received a gift from Okawaru
 32479 | D:14     | Killed Jaliuk's ghost
 32699 | D:15     | Entered Level 15 of the Dungeon
 32901 | D:15     | Found a staircase to the Depths.
 33017 | D:15     | Found a shadowy altar of Dithmenos.
 33770 | D:15     | Reached skill level 14 in Fighting
 34429 | Swamp:1  | Entered Level 1 of the Swamp
 34984 | Swamp:1  | Reached XP level 16. HP: 146/146 MP: 24/24
 35636 | Swamp:1  | Received a gift from Okawaru
 35801 | Swamp:2  | Received a gift from Okawaru
 36425 | Swamp:3  | Demolished by a tyrant leech

Illustrated notes

Levels and vault maps discovered:
D:1:      minmay_arrival_widening_spiral_wide, layout_loops_corners
D:2:      minmay_angry_zag, layout_basic,
          hellmonk_ecumenical_altar_leap_of_faith, uniq_natasha, uniq_jessica
D:3:      layout_basic, nicolae_overflow_hidden_temple
D:4:      layout_gridville
D:5:      layout_basic, mainiacjoe_overflow_chevrons, grunt_gozag_breadcrumbs,
          portal_sewer_entry_f, minmay_starry_boxes
D:6:      layout_cave_pools, hangedman_decor_push, minivault_26,
          minmay_misc_feat_nine_boxes, minmay_strange_pillars,
          uniq_prince_ribbit1, uniq_pikel
D:7:      layout_cave_pools, slow_altar_1, temple_statues, uniq_joseph
D:8:      layout_loops_ring, mainiacjoe_overflow_catch_the_wave,
          minmay_misc_feat_pillars, minmay_misc_feat_rugged, uniq_erica
D:9:      layout_stronghold
D:10:     layout_rooms, kennysheep_mini, uniq_lodul, uniq_grum
D:11:     minmay_gate_of_8, layout_small_grid, hellmonk_lair_entry_icy,
          zombieorc2_lemuel
D:12:     layout_basic
D:13:     minmay_the_grid_net [minmay_the_grid_tree,
          minmay_the_grid_diamond_grid, minmay_the_grid_tiny_cups,
          minmay_the_grid_plusring, minmay_the_grid_doors,
          minmay_the_grid_prize_four_corners_diamond_b], layout_stronghold,
          david_vaults_1, minmay_misc_feat_roman, nooodl_orcs_dogs
D:14:     minmay_roctagon, layout_small_grid, biasface_ghost_orc_armoury,
          serial_park_square3 [serial_park_minivault_5x5_2], nicolae_wwwww
D:15:     hangedman_depths_entry_civil_slaughter, layout_layer_cave,
          nicolae_dithmenos_shadow_blocks, hex_large,
          chequers_serial_rivers_micro_b, item_on_display_a
Temple:   compressed_dpeg_circular_temple
Lair:1:   layout_regular_city, ebering_ghost_rock_garden
Lair:2:   layout_chaotic_city, palyth_hydra_swamp_entry,
          spider_nest_entry_funnel_web
Lair:3:   layout_gridlike
Lair:4:   layout_hall_layers, portal_ice_cave_entry_pillars_2,
          lemuel_fruit_tree, serial_bayou_shore_a
Lair:5:   grunt_lair_end_beastmaster, layout_regular_city,
          minmay_slime_entry_oklob_open
Swamp:1:  layout_basic_swamp, evilmike_swamp_ruin_rubble_2, swamp_pool2,
          nicolae_swamp_nymph_family_reunion
Swamp:2:  layout_basic_swamp, evilmike_swamp_ruin_house_5
Swamp:3:  layout_basic_swamp, evilmike_swamp_ruin_wall, swamp_pool1,
          uniq_mlioglotl
Orc:1:    layout_caves, basic_altar, serial_shops, nicolae_shop_trees,
          nicolae_orc_crystal_geode
Orc:2:    pf_orc_diabolical, layout_caves

Skill      XL: |  1  2  3  4  5  6  7  8  9 10 11 12 13 14 15 16 |
---------------+-------------------------------------------------+-----
Dodging        | 2 3 4 5 6 7 8 9 10 11 12 | 12.2
Fighting       | 2 3 4 5 6 7 9 10 11 12 13 14 | 14.6
Unarmed Combat | 4 5 6 7 8 9 10 11 12 13 | 13.7
Shapeshifting  | 4 5 6 7 8 9 10 11 | 11.6
Invocations    | 1 4 6 7 9 10 11 | 11.8
Stealth        | 2 4 6 8 9 |  9.5
Throwing       | 3 4 |  4.7

Action                     |  1- 3 |  4- 6 |  7- 9 | 10-12 | 13-15 | 16-18 || total
---------------------------+-------+-------+-------+-------+-------+-------++-------
  Melee: Unarmed           |    70 |   146 |   259 |   631 |  1160 |   139 ||  2405
         Tailslap          |    12 |    18 |    30 |   111 |   242 |    24 ||   437
         Punch             |     1 |     1 |    14 |    42 |   120 |    23 ||   201
         Maw               |       |       |       |    44 |   305 |    34 ||   383
         Bite              |       |       |       |       |   118 |    18 ||   136
   Fire: Sling             |       |    38 |    21 |    49 |     5 |       ||   113
         Longbow           |       |       |       |       |    39 |     4 ||    43
 Invoke: Heroism           |       |       |       |     1 |     8 |     1 ||    10
         Finesse           |       |       |       |       |       |     1 ||     1
Ability: Breathe Acid      |       |       |    20 |    49 |    93 |     9 ||   171
  Evoke: Wand              |       |       |     2 |    12 |     5 |     4 ||    23
    Use: Potion            |     2 |     1 |     3 |     5 |     1 |     1 ||    13
         Scroll            |       |     9 |     8 |     8 |    16 |     1 ||    42
   Stab: Sleeping          |       |     2 |       |     2 |    15 |     2 ||    21
         Petrified         |       |       |       |       |    13 |       ||    13
         Distracted        |       |       |       |       |     3 |     1 ||     4
         Petrifying        |       |       |       |       |     2 |       ||     2
         Confused          |       |       |       |       |     1 |       ||     1
 Armour: Skin              |    16 |    58 |    86 |   283 |   490 |    66 ||   999
  Dodge: Dodged            |    37 |    82 |   183 |   542 |  1048 |   148 ||  2040
   Form: Maw               |       |       |       |     1 |       |       ||     1

Table legend: (Time is in decaauts)
 A = Elapsed time spent in this place.
 B = Non-inter-level travel time spent in this place.
 C = Inter-level travel time spent in this place.
 D = Time resting spent in this place.
 E = Time spent auto-exploring this place.
 F = Levels seen in this place.
 G = Mean time per level.
                   A        B        C        D        E       F      G
               +--------+--------+--------+--------+--------+-----+--------+
         Total |  36221 |  33206 |   3015 |   5069 |  21951 |  27 | 1341.5 |
       Dungeon |  23330 |  20886 |   2444 |   3396 |  14113 |  15 | 1555.3 |
        Temple |    190 |    122 |     68 |      0 |      0 |   1 |  190.0 |
          Lair |   7363 |   7035 |    328 |    671 |   4893 |   5 | 1472.6 |
         Swamp |   2058 |   1977 |     81 |    266 |   1263 |   3 |  686.0 |
  Orcish Mines |   2767 |   2674 |     93 |    660 |   1401 |   2 | 1383.5 |
         Sewer |    511 |    511 |      0 |     76 |    278 |   1 |  511.0 |
               +--------+--------+--------+--------+--------+-----+--------+

Top non-repeatable levels by time:
    D:11: 2482 daAuts
    D:12: 2450 daAuts
     D:2: 2008 daAuts
     D:9: 1939 daAuts
    D:14: 1852 daAuts
  Lair:2: 1818 daAuts
    D:10: 1706 daAuts
  Lair:1: 1638 daAuts
   Orc:2: 1635 daAuts
    D:15: 1577 daAuts
  Lair:5: 1576 daAuts
     D:6: 1485 daAuts
 Swamp:1: 1385 daAuts
     D:4: 1359 daAuts
     D:7: 1298 daAuts
